Match 42483881
Unlisted

Match 42483881
End
Construct Section Command Post
Vickers Machine Gun Team
Infantry Section
Selects Canadian Shock Battlegroup
Selects Canadian Shock Battlegroup
Dingo Light Scout Car
Construct Platoon Command Post
Selects Incendiary Munitions
Humber Armored Car
Grenade Package
Infantry Section
Selects Pyrotechnics
Selects Attacking Spirit
Selects Canadian Shock Section
Unlock M3 Stuart Light Tanks
Canadian Shock Section
M3 Stuart Light Tank
Construct Company Command Post
CMP 15cwt Truck
PaniCoC
Ardy
神奇香蕉
NewDe
企鹅爱子
MSZW
HotdogPanda
周杰伦
0
0

Comments sign in to comment!

No comments posted yet!